 Dungeon Crawl Stone Soup version 0.30-a0-743-gbfdf073431 (webtiles) character file.

Game seed: 17819223352569640890

1046 Majang the Chopper (level 8, -2/49 HPs)
             Began as a Tengu Berserker on Feb 8, 2023.
             Was a Priest of Trog.
             Slain by an ogre
             ... wielding a +0 giant spiked club
              (26 damage)
             ... on level 6 of the Dungeon.
             The game lasted 00:14:08 (4683 turns).

Majang the Chopper (Tengu Berserker)                Turns: 4683, Time: 00:14:09

Health: -2/49      AC: 10    Str: 20    XL:     8   Next: 25%
Magic:  9/9        EV: 11    Int:  7    God:    Trog [***...]
Gold:   50         SH:  0    Dex: 14    Spells: 7/7 levels left

rFire   . . .      SeeInvis .    a - +0 war axe
rCold   . . .      Faith    .    (no shield)
rNeg    . . .      Spirit   .    j - +1 chain mail
rPois   +          Reflect  .    (helmet restricted)
rElec   .          Harm     .    (no cloak)
rCorr   .          Rampage  .    (no gloves)
Will    +....                    (boots unavailable) Stlth
                                 (no amulet)
HPRegen 0.28/turn                q - ring of willpower
MPRegen 0.11/turn                m - ring of poison resistance

@: flying quickly and evasively, quick
A: beak, talons 3, nimble flight
a: Renounce Religion, Berserk, Trog's Hand


You were on level 6 of the Dungeon.
You worshipped Trog.
Trog was most pleased with you.
You visited 2 branches of the dungeon, and saw 7 of its levels.

You collected 310 gold pieces.
You spent 260 gold pieces at shops.

Inventory:

Hand Weapons
 a - a +0 war axe (weapon)
 e - a +4 mace
 s - a +0 flail of protection
Missiles
 i - 2 silver javelins (quivered)
 l - 6 boomerangs
Armour
 j - a +1 chain mail (worn)
Jewellery
 b - a ring of protection from fire
 m - a ring of poison resistance (right hand)
 q - a ring of willpower (left hand)
Wands
 v - a wand of polymorph (9)
Scrolls
 c - a scroll of fear
 d - a scroll of silence {unknown}
 k - a scroll of magic mapping
 n - 3 scrolls of teleportation
 r - 2 scrolls of immolation
Potions
 f - 2 potions of haste
 g - 2 potions of invisibility
 h - a potion of berserk rage
 o - a potion of attraction
 u - a potion of lignification {unknown}


   Skills:
 + Level 5.3 Fighting
 * Level 7.7 Axes
 + Level 4.5 Armour
 + Level 4.5 Dodging


You had 7 spell levels left.
You didn't know any spells.
Your spell library was empty.

Dungeon Overview and Level Annotations

Branches:
Dungeon (6/15)             Temple (1/1) D:5

Altars:
Ashenzari
Cheibriados
Dithmenos
Elyvilon
Fedhas
Gozag
Hepliaklqana
Kikubaaqudgha
Makhleb
Nemelex Xobeh
Okawaru
Qazlal
Sif Muna
Trog
Uskayaw
Vehumet
Xom
Yredelemnul
The Shining One

Shops:
D:4 =   D:5 ?

Annotations:
D:3 3 runed translucent doors, Tungsten's ghost, amateur DsNe


Innate Abilities, Weirdness & Mutations

You have a beak for a mouth.
You have claws for feet.
Your magical nature lets you fly swiftly and evasively.


Message History

The gnoll hits you with a +0 halberd!
You hit the gnoll. Your kick misses the gnoll. Your peck misses the gnoll.
The gnoll is lightly wounded.
The gnoll barely misses you.
You closely miss the gnoll. You claw the gnoll, but do no damage.
You peck the gnoll.
The gnoll is moderately wounded.
The gnoll hits you but does no damage.
You slash the gnoll!
You kill the gnoll!
Trog accepts your kill.
You see here a +0 halberd.
Things that are here:
a +0 spear; a gnoll corpse HP restored.
Found a stone staircase leading up.
An adder comes into view.
The adder hisses angrily.
Found a stone staircase leading down.
You barely miss the adder. The adder bites you but does no damage.
You slash the adder!
You kill the adder!
Trog accepts your kill.
An ogre comes into view. It is wielding a +0 giant spiked club.
Found 16 gold pieces.
The ogre shouts!
The ogre hits you with a +0 giant spiked club!!
You closely miss the ogre. You peck the ogre.
The ogre is lightly wounded.
You barely miss the ogre. You claw the ogre! You peck the ogre.
The ogre is moderately wounded.
The ogre misses you.
You hit the ogre. You peck the ogre.
The ogre is severely wounded.
The ogre hits you with a +0 giant spiked club.
You hit the ogre.
The ogre is severely wounded.
The ogre hits you with a +0 giant spiked club!!
Ouch! That really hurt!
You die...

.>...##........<....#
........##..............
##.......#............#.
...<.##..#...........##
.### #.###.......#.##
##.##.###....#...##
#.....#......#..##
##...#..###....##
#...#.###.$@..#
#......###..O....#
##.#....#####....#
###...## ...## ##### .##
##


You could see an ogre.

Vanquished Creatures
  Grinder (D:3)
  Eustachio (D:3)
  A phantom (D:5)
  A necrophage (D:5)
  A scorpion (D:4)
  2 jellies (D:5)
  A gnoll bouda (D:5)
  An orc priest (D:3)
  2 hounds (D:4)
  Terence (D:3)
  3 iguanas (D:5)
  An orc wizard (D:3)
  Robin (D:3)
  6 gnolls
  6 adders
  An ufetubus (D:5)
  A worm (D:3)
  3 dart slugs
  4 orcs
  4 endoplasms
  2 giant cockroaches
  13 goblins
  8 hobgoblins
  4 jackals (D:5)
  3 quokkas
  5 ball pythons
  2 bats
  2 frilled lizards
  5 kobolds
  2 rats (D:3)
88 creatures vanquished.

Vanquished Creatures (collateral kills)
  An adder (D:5)
1 creature vanquished.

Vanquished Creatures (others)
  5 plants (D:2)
  3 withered plants (D:2)
8 creatures vanquished.

Grand Total: 97 creatures vanquished

Notes
Turn   | Place    | Note
-------+----------+-------------------------------------------
     0 | D:1      | Majang the Tengu Berserker began the quest for the Orb.
     0 | D:1      | Reached XP level 1. HP: 14/14 MP: 2/2
   247 | D:1      | Reached XP level 2. HP: 19/19 MP: 3/3
   745 | D:2      | Reached skill level 4 in Axes
  1049 | D:2      | Found a shimmering altar of Xom.
  1099 | D:2      | Reached XP level 3. HP: 21/23 MP: 4/4
  1107 | D:2      | Found a faded altar of an unknown god.
  1630 | D:3      | Noticed Terence
  1635 | D:3      | Killed Terence
  1688 | D:3      | Reached XP level 4. HP: 20/28 MP: 5/5
  1758 | D:3      | Reached skill level 5 in Axes
  1839 | D:3      | Gained mutation: Your magical nature lets you fly swiftly
                  | and evasively. [Tengu growth]
  1839 | D:3      | Reached XP level 5. HP: 21/33 MP: 6/6
  1948 | D:3      | Noticed Tungsten's ghost (amateur DsNe)
  1951 | D:3      | Found a runed translucent gate.
  1951 | D:3      | Found a runed translucent gate.
  1951 | D:3      | Found a runed translucent gate.
  2062 | D:3      | Noticed Grinder
  2072 | D:3      | Killed Grinder
  2073 | D:3      | Reached skill level 6 in Axes
  2073 | D:3      | Reached XP level 6. HP: 39/39 MP: 7/7
  2265 | D:3      | Noticed Robin
  2270 | D:3      | Reached ** piety under Trog
  2276 | D:3      | Killed Robin
  2517 | D:4      | Noticed Eustachio
  2531 | D:3      | Killed Eustachio
  2532 | D:3      | Reached XP level 7. HP: 44/44 MP: 8/8
  2881 | D:4      | Found a basalt altar of Yredelemnul.
  2884 | D:4      | Found a radiant altar of Vehumet.
  2951 | D:4      | Found Cuakem's Jewellery Emporium.
  3229 | D:5      | Entered Level 5 of the Dungeon
  3401 | D:5      | Found an iron altar of Okawaru.
  3401 | D:5      | Found a hide-covered altar of Uskayaw.
  3458 | D:5      | Found The Oracle's Delphic Readings.
  3536 | D:5      | Reached skill level 7 in Axes
  3570 | D:5      | Found a shadowy altar of Dithmenos.
  3649 | D:5      | Reached skill level 5 in Fighting
  3983 | D:5      | Reached XP level 8. HP: 48/49 MP: 9/9
  3992 | D:5      | Found a staircase to the Ecumenical Temple.
  3998 | Temple   | Entered the Ecumenical Temple
  4381 | D:4      | Bought a ring of poison resistance for 260 gold pieces
  4431 | D:5      | Reached *** piety under Trog
  4683 | D:6      | Slain by an ogre

Illustrated notes

Levels and vault maps discovered:
D:1:      minmay_arrival_five_plusses, layout_basic
D:2:      cheibrodos_old_hovel, layout_loops_corners, basic_altar,
          shapermc_ecumenical_altar_flowoftime
D:3:      layout_loops_ring, gammafunk_ghost_split, minmay_misc_feat_square,
          uniq_terence, uniq_robin, uniq_grinder
D:4:      layout_loops_ring, grunt_temple_overflow_open, serial_shops,
          shop_statue, hangedman_decor_points, nicolae_figureground_sparkle,
          uniq_eustachio
D:5:      layout_loops_ring, nicolae_dithmenos_shadow_blocks,
          mainiacjoe_overflow_divided_tiny, minmay_temple_entry_waves,
          nicolae_nh_oracle_at_delphi
D:6:      layout_cave_pools, mainiacjoe_overflow_boulevard
Temple:   eino_temple_water

Skill      XL: |  1  2  3  4  5  6  7 |
---------------+----------------------+-----
Axes           | 4 5 6 7 |  7.7
Fighting       | 4 5 |  5.3
Armour         | 3 4 |  4.5
Dodging        | 3 4 |  4.5

Action                     |  1- 3 |  4- 6 |  7- 9 || total
---------------------------+-------+-------+-------++-------
  Melee: Hand axe          |    61 |    55 |    22 ||   138
         Kick              |    15 |    13 |    23 ||    51
         Peck              |     9 |    11 |    18 ||    38
         Punch             |       |     1 |     3 ||     4
         War axe           |       |       |    83 ||    83
 Invoke: Berserk           |     1 |     3 |       ||     4
    Use: Scroll            |       |       |    16 ||    16
 Armour: Animal skin       |     4 |       |       ||     4
         Chain mail        |     6 |       |    39 ||    45
         Ring mail         |    10 |    14 |       ||    24
  Dodge: Dodged            |    36 |    25 |    79 ||   140

Table legend: (Time is in decaauts)
 A = Elapsed time spent in this place.
 B = Non-inter-level travel time spent in this place.
 C = Inter-level travel time spent in this place.
 D = Time resting spent in this place.
 E = Time spent auto-exploring this place.
 F = Levels seen in this place.
 G = Mean time per level.
                   A        B        C        D        E       F      G
               +--------+--------+--------+--------+--------+-----+--------+
         Total |   4541 |   4288 |    253 |    687 |   2423 |   7 |  648.7 |
       Dungeon |   4403 |   4150 |    253 |    687 |   2423 |   6 |  733.8 |
        Temple |    137 |    137 |      0 |      0 |      0 |   1 |  137.0 |
               +--------+--------+--------+--------+--------+-----+--------+

Top non-repeatable levels by time:
     D:5: 1088 daAuts
     D:3: 1069 daAuts
     D:2: 861 daAuts
     D:1: 685 daAuts
     D:4: 613 daAuts
  Temple: 137 daAuts
     D:6: 86 daAuts
